Map: 2000 Atmospheres LE

Players

Stephano - Winner!

  • Race: Zerg Zerg

Gerald

  • Race: Protoss Protoss

Event: DreamHack SC2 Masters 2021 Fall

VOD

Have the link to the VOD?

Description

Time

  • Played on: Aug. 3, 2021, 2:20 p.m.
  • Length: 14:22

All games in this series

Show
View Real Time Build Order
Export as new Build Order

Stephano Zerg - Winner!

Build Orders: Hatch First 

Get SALT Encoding   

  12  0:00  Drone  
  13  0:12  Overlord  
  13  0:16  Drone  
  14  0:30  Drone x2  
  16  0:48  Hatchery  
  15  0:50  Drone  
  15  0:54  Drone  
  17  0:57  Drone  
  18  1:07  Extractor  
  17  1:13  Spawning Pool  
  17  1:15  Drone  
  17  1:19  Drone  
  18  1:28  Drone  
  19  1:38  Drone  
  20  1:49  Drone  
  21  1:59  Queen  
  21  2:00  Zergling x2, Queen  
  26  2:01  Drone  
  27  2:10  Overlord  
  27  2:11  Drone  
  28  2:23  Metabolic Boost  
  28  2:28  Hatchery  
  28  2:30  Drone  
  28  2:32  Zergling x2  
  28  2:34  Drone  
  30  2:41  Queen  
  32  2:46  Overlord  
  32  2:49  Drone  
  33  2:55  Drone x2  
  35  3:04  Drone  
  36  3:08  Zergling x4  
  36  3:10  Drone  
  36  3:11  Drone  
  40  3:13  Drone  
  40  3:18  Queen, Drone  
  42  3:30  Drone x2  
  42  3:32  Overlord  
  42  3:37  Drone  
  42  3:39  Spore Crawler  
  41  3:44  Drone x4  
  45  3:53  Drone x2, Overlord  
  45  3:54  Drone  
  48  3:59  Zergling x6  
  48  4:02  Overlord  
  51  4:05  Overlord  
  51  4:11  Evolution Chamber  
  51  4:13  Zergling x4  
  51  4:15  Spore Crawler  
  51  4:16  Drone  
  52  4:21  Drone x2  
  52  4:22  Spore Crawler  
  53  4:26  Overlord  
  53  4:27  Drone x2  
  53  4:29  Drone x2  
  57  4:40  Zergling x10  
  57  4:44  Drone x2  
  57  4:45  Zerg Melee Weapons Level 1  
  63  4:50  Overlord x2  
  60  4:57  Zergling x10  
  60  4:58  Zergling x2  
  65  5:03  Queen  
  66  5:09  Queen  
  66  5:12  Baneling Nest  
  66  5:13  Queen  
  66  5:14  Extractor  
  68  5:15  Extractor  
  68  5:20  Overlord  
  67  5:32  Zergling x16  
  75  5:39  Queen  
  75  5:41  Zergling x2  
  75  5:42  Zergling x2  
  77  5:51  Zergling x2  
  77  5:52  Zergling x18  
  77  5:56  Baneling x2  
  77  5:57  Baneling x2  
  85  6:00  Drone  
  86  6:06  Drone x3  
  89  6:17  Drone x6  
  89  6:23  Overlord  
  89  6:25  Zergling x8  
  88  6:30  Overlord  
  85  6:36  Lair  
  84  6:46  Zergling x14  
  88  6:47  Baneling x3  
  88  7:00  Zergling x22  
  85  7:09  Zergling x4  
  83  7:17  Hatchery  
  83  7:22  Roach Warren, Drone x2  
  83  7:23  Drone  
  84  7:30  Drone x5  
  88  7:40  Zergling x6  
  87  7:48  Drone x3  
  84  7:57  Drone x2  
  83  7:59  Zerg Melee Weapons Level 2  
  83  8:01  Extractor  
  83  8:02  Extractor  
  83  8:04  Glial Reconstitution  
  81  8:06  Drone x9  
  90  8:13  Queen  
  90  8:17  Overlord  
  90  8:21  Centrifical Hooks  
  90  8:23  Roach x3  
  90  8:24  Overlord x2  
  96  8:30  Overlord  
  96  8:37  Roach x2  
  96  8:38  Roach x3  
  106  8:45  Roach x5  
  106  8:46  Overseer  
  114  9:01  Zergling x24  
  123  9:03  Ravager  
  123  9:04  Ravager x7  
  131  9:14  Zergling x10  
  136  9:22  Baneling x3  
  136  9:23  Zergling x8, Baneling x5  
  140  9:25  Hatchery  
  139  9:35  Drone x6  
  143  9:38  Overlord x2  
  143  9:48  Overlord  
  141  9:53  Overlord  
  136  10:01  Zergling x32  
  145  10:11  Zergling x4  
  145  10:13  Pneumatized Carapace  
  145  10:14  Overseer x2  
  140  10:17  Zergling x2  
  140  10:18  Zergling x26  
  146  10:38  Drone  
  146  10:39  Drone x6  
  150  10:44  Spore Crawler  
  150  10:46  Spine Crawler  
  147  10:50  Zergling x28  
  147  10:54  Ravager x5  
  165  10:58  Overseer  
  165  11:00  Drone x2  
  165  11:01  Drone x2  
  165  11:03  Drone x3  
  172  11:06  Infestation Pit  
  172  11:08  Baneling  
  172  11:09  Baneling x12  
  168  11:19  Zergling x14  
  168  11:21  Overlord  
  168  11:22  Overlord  
  163  11:26  Overlord  
  163  11:31  Overlord  
  151  11:41  Zergling x22  
  155  11:48  Hive  
  155  11:52  Hatchery  
  155  11:53  Zergling x20  
  156  11:54  Overseer x2  
  138  12:04  Roach x4  
  138  12:06  Overseer  
  143  12:14  Zerg Ground Armor Level 1  
  140  12:17  Overseer, Evolution Chamber  
  140  12:22  Baneling, Roach x3  
  145  12:23  Baneling x2  
  145  12:24  Baneling x15  
  145  12:25  Zergling x22  
  145  12:27  Overseer  
  145  12:28  Overseer x2  
  156  12:31  Extractor  
  156  12:32  Extractor  
  156  12:33  Drone  
  152  12:51  Zergling x36  
  156  13:02  Zergling x10  
  151  13:19  Zergling x12  
  156  13:20  Zergling x8  
  154  13:32  Overseer  
  138  13:44  Zergling x26  
Show
View Real Time Build Order
Export as new Build Order

Gerald Protoss 

Build Orders: 1 Gate Expand, Oracle Opening 

Get SALT Encoding   

  12  0:00  Probe  
  13  0:12  Probe  
  14  0:19  Pylon  
  14  0:24  Probe  
  15  0:37  Probe (Chrono Boost)  
  15  0:40  Gateway  
  16  0:47  Probe (Chrono Boost)  
  16  0:49  Assimilator  
  17  0:52  Probe (Chrono Boost)  
  18  1:03  Probe  
  19  1:16  Probe  
  20  1:26  Nexus  
  20  1:37  Cybernetics Core  
  20  1:40  Probe  
  20  1:46  Assimilator  
  21  1:52  Probe  
  22  1:56  Pylon  
  22  2:04  Probe  
  23  2:12  Adept (Chrono Boost)  
  25  2:16  Probe  
  25  2:18  Stargate  
  26  2:32  Adept (Chrono Boost)  
  26  2:33  Warp Gate  
  28  2:37  Probe  
  28  2:39  Probe  
  30  2:50  Probe  
  32  2:51  Probe  
  32  2:57  Adept  
  32  2:58  Void Ray (Chrono Boost)  
  34  3:02  Probe  
  34  3:03  Probe  
  40  3:14  Probe  
  40  3:15  Pylon  
  40  3:18  Probe  
  42  3:26  Probe  
  43  3:37  Probe  
  43  3:41  Twilight Council, Probe  
  41  3:49  Gateway, Probe  
  41  3:50  Gateway  
  41  3:53  Probe  
  41  3:54  Gateway  
  43  3:58  Oracle  
  46  4:05  Probe  
  46  4:06  Probe  
  46  4:08  Pylon  
  48  4:14  Resonating Glaives (Chrono Boost)  
  48  4:17  Pylon  
  48  4:19  Probe  
  48  4:22  Adept  
  48  4:24  Probe  
  52  4:33  Nexus  
  51  4:40  Probe  
  51  4:41  Probe  
  51  4:43  Adept  
  55  4:48  Assimilator  
  55  4:50  Pylon  
  55  4:51  Adept  
  55  4:52  Adept, Probe  
  58  4:56  Probe  
  58  4:57  Pylon  
  59  5:04  Adept x2  
  59  5:05  Probe  
  64  5:11  Probe  
  64  5:13  Assimilator  
  65  5:14  Forge  
  65  5:17  Adept, Probe  
  65  5:21  Adept  
  70  5:26  Adept x2  
  74  5:33  Probe x2  
  76  5:40  Blink (Chrono Boost), Adept  
  78  5:43  Adept  
  78  5:45  Probe  
  78  5:48  Adept x2  
  79  6:01  Probe  
  79  6:03  Probe  
  81  6:05  Nexus  
  81  6:13  Probe  
  80  6:21  Probe  
  80  6:23  Sentry x2, Stalker x2  
  80  6:25  Probe  
  76  6:34  Probe  
  76  6:35  Gateway  
  76  6:37  Probe  
  76  6:38  Robotics Facility  
  76  6:44  Shield Battery  
  76  6:46  Probe  
  71  6:47  Stalker  
  71  6:48  Adept x2  
  71  6:49  Probe  
  71  6:53  Stalker  
  73  7:08  Stalker  
  73  7:09  Stalker  
  73  7:13  Stalker  
  73  7:14  Probe  
  73  7:15  Protoss Ground Weapons Level 1 (Chrono Boost), Probe  
  75  7:18  Probe  
  75  7:20  Robotics Facility  
  76  7:25  Stalker  
  76  7:27  Pylon, Probe x2  
  80  7:30  Stalker  
  82  7:40  Stalker  
  82  7:41  Adept x2  
  82  7:42  Probe  
  79  7:46  Probe  
  79  7:50  Adept  
  82  7:54  Adept  
  82  7:57  Gateway  
  81  8:01  Gateway  
  81  8:05  Robotics Facility  
  81  8:06  Shield Battery, Probe  
  81  8:07  Assimilator  
  81  8:09  Probe  
  81  8:10  Dark Shrine  
  81  8:11  Assimilator, Stalker  
  81  8:12  Stalker x2  
  89  8:13  Stalker  
  87  8:26  Stalker  
  88  8:34  Probe  
  88  8:36  Stalker x3  
  88  8:37  Stalker  
  88  8:39  Photon Cannon  
  96  8:45  Pylon  
  96  8:52  Nexus  
  96  8:54  Pylon  
  96  8:56  Warp Prism (Chrono Boost)  
  96  9:00  Probe  
  93  9:04  Probe  
  93  9:05  Pylon  
  93  9:09  Probe  
  95  9:14  Photon Cannon, Probe  
  96  9:23  Gateway  
  96  9:25  Observer, Stalker x3  
  96  9:26  Probe x2  
  104  9:37  Probe  
  105  9:38  Protoss Ground Weapons Level 2 (Chrono Boost)  
  105  9:39  Dark Templar x4  
  105  9:40  Gateway  
  105  9:41  Probe  
  114  9:50  Pylon  
  118  9:55  Gateway  
  114  10:01  Stalker x2  
  114  10:04  Dark Templar  
  114  10:05  Probe  
  105  10:13  Dark Templar  
  103  10:17  Dark Templar x3  
  103  10:18  Probe  
  110  10:23  Probe  
  110  10:25  Robotics Facility  
  109  10:29  Archon  
  109  10:31  Probe  
  110  10:36  Probe x2  
  110  10:37  Probe  
  110  10:42  Robotics Facility  
  107  10:43  Probe  
  107  10:44  Pylon  
  107  10:48  Probe  
  107  10:49  Archon, Probe x2  
  111  10:52  Pylon  
  111  10:53  Pylon  
  111  10:55  Pylon, Dark Templar  
  111  10:56  Stalker x5  
  121  10:59  Probe  
  121  11:01  Pylon  
  121  11:02  Probe x3  
  125  11:11  Probe  
  125  11:14  Pylon  
  126  11:23  Robotics Bay  
  126  11:25  Stalker x3  
  129  11:26  Stalker x3  
  124  11:38  Stalker  
  124  11:39  Immortal (Chrono Boost)  
  115  11:44  Probe  
  115  11:45  Probe  
  113  11:50  Pylon  
  113  11:53  Photon Cannon  
  98  11:55  Shield Battery  
  98  11:58  Assimilator  
  88  12:04  Stalker x5  
  88  12:08  Probe  
  94  12:13  Disruptor (Chrono Boost), Gateway  
  94  12:14  Assimilator  
  97  12:29  Nexus, Dark Templar  
  99  12:31  Pylon  
  99  12:33  Dark Templar  
  101  12:38  Disruptor (Chrono Boost)  
  103  12:53  Adept  
  103  12:54  Adept x3  
  103  13:06  Stalker  
  100  13:16  Stalker  
  100  13:17  Stalker x3  
  83  13:20  Probe  
  73  13:33  Stalker  
  65  13:48  Zealot x2  

Tags
 
Add a new tag
Caveats
  • Supply blocks, unpowered buildings, or Contaminate may cause inaccurate times.
  • Supply counts are checked every 10 seconds.